 Dungeon Crawl Stone Soup version 0.19-a0-585-ge40200b (webtiles) character file.

95 Charly the Chopper (level 4, -1/40 HPs)
             Began as a Hill Orc Berserker on June 9, 2016.
             Was a Follower of Trog.
             Slain by a shadow imp (3 damage)
             ... on level 5 of the Dungeon.
             The game lasted 00:04:17 (280 turns).

Charly the Chopper (Hill Orc Berserker)              Turns: 280, Time: 00:04:20

Health: -1/40      AC:  6    Str: 19    XL:     4   Next: 66%
Magic:  4/4        EV: 10    Int:  7    God:    Trog [*.....]
Gold:   41         SH:  0    Dex: 11    Spells: 0 memorised, 3 levels left

rFire  . . .     SeeInvis .     a - +0 hand axe
rCold  . . .     Gourm    .     d - +0 scale mail
rNeg   . . .     Faith    .     (no shield)
rPois  .         Spirit   .     (no helmet)
rElec  .         Dismiss  .     (no cloak)
rCorr  .         Reflect  .     (no gloves)
SustAt .         Harm     .     (no boots)
MR     .....                    (no amulet)
Stlth  ..........               (no ring)
                                (no ring)

@: exhausted, slowed, very slow, not resistant to hostile enchantments,
extremely unstealthy
A: no striking features
a: Berserk, Burn Spellbooks, Renounce Religion


You were on level 5 of the Dungeon.
You worshipped Trog.
Trog was aware of your devotion.
You were not hungry.

You visited 1 branch of the dungeon, and saw 4 of its levels.

You collected 41 gold pieces.

Inventory:

Hand Weapons
 a - a +0 hand axe (weapon)
Armour
 b - a +0 animal skin
 d - a +0 scale mail (worn)
Scrolls
 e - a scroll of noise {unknown}
 g - a scroll of enchant weapon {unknown}
Potions
 f - a potion of curing {unknown}
 h - a potion of haste {unknown}
Comestibles
 c - a bread ration


   Skills:
 + Level 3.9 Fighting
 * Level 6.4 Axes
 + Level 2.4 Armour
 + Level 1.9 Dodging


You had 3 spell levels left.
You didn't know any spells.

Dungeon Overview and Level Annotations

Branches:
Dungeon (5/15)
 Temple: D:4-7

Altars:
Zin


Message History

The shadow imp hits you. x2
You barely miss the shadow imp.
The shadow imp is severely wounded.
The shadow imp closely misses you.
You closely miss the shadow imp.
The shadow imp is severely wounded.
The shadow imp gestures at you. Pain shoots through your body!
* * * LOW HITPOINT WARNING * * *
The shadow imp closely misses you.
You hit the shadow imp but do no damage.
The shadow imp is severely wounded.
The shadow imp closely misses you.
You closely miss the shadow imp.
The shadow imp is severely wounded.
The shadow imp gestures at you. Pain shoots through your body!
* * * LOW HITPOINT WARNING * * *
The shadow imp hits you.
You die...

##........####.#
#$#.#....# #.# #
# #..###
#.######.# #..#
#.†....#.# ....#
#####....#
####.# #..###
#.. #..#
###.#######..#
......5@....#
##..........#
############


You could see a shadow imp.

Vanquished Creatures
  A scorpion (D:5)
  An adder (D:2)
  A gnoll (D:4)
  A dart slug (D:1)
  2 giant geckos
  2 hobgoblins (D:1)
  5 jackals
  3 kobolds
  2 bats (D:1)
  2 giant newts
  3 goblins (D:1)
  A rat (D:1)
24 creatures vanquished.

Notes
Turn   | Place    | Note
--------------------------------------------------------------
     0 | D:1      | Charly the Hill Orc Berserker began the quest for the Orb.
     0 | D:1      | Reached XP level 1. HP: 19/19 MP: 1/1
    61 | D:1      | Reached XP level 2. HP: 17/26 MP: 2/2
   113 | D:1      | Reached skill level 5 in Axes
   196 | D:2      | Reached XP level 3. HP: 31/31 MP: 3/3
   202 | D:2      | You fall through a shaft for 2 floors!
   220 | D:4      | Reached skill level 6 in Axes
   226 | D:4      | Reached ** piety under Trog
   228 | D:4      | Found a glowing silver altar of Zin.
   242 | D:5      | Entered Level 5 of the Dungeon
   255 | D:5      | Noticed a scorpion
   260 | D:5      | Killed a scorpion
   260 | D:5      | Reached XP level 4. HP: 40/40 MP: 4/4
   280 | D:5      | HP: 2/40 [shadow imp/nerve-wracking pain (10)]
   280 | D:5      | Slain by a shadow imp

Vault maps used:
D:1:      lightli_arrival_farm
D:2:      uniq_crazy_yiuf_cottage
D:4:      lemuel_castle_with_subvaults, nicolae_dithmenos_the_darkroom,
          kennysheep_mini, minmay_temple_entry_hall, first_bread
D:5:      trog_eyes_of_draining, lemuel_blue_sif_altar, basic_altar,
          corexii_mini_fake_secret_closet, uniq_eustachio

Skill      XL: |  1  2  3 |
---------------+----------+-----
Axes           | 5 6 |  6.4
Fighting       | |  3.9
Armour         | |  2.4
Dodging        | |  1.9

Action                   |  1- 3 |  4- 6 || total
-------------------------+-------+-------++-------
Melee: Hand axe          |    60 |     7 ||    67
Invok: Berserk           |     3 |       ||     3
       Trog's Hand       |     1 |       ||     1
  Eat: Pizza             |     2 |       ||     2
Armor: Scale mail        |    28 |     1 ||    29
Dodge: Dodged            |    30 |     3 ||    33
